 Dungeon Crawl Stone Soup version 0.30-a0-305-g026cb31310 (webtiles) character file.

Game seed: 8032083149218399579

1848 KennySheep the Destroyer (level 8, -2/57 HPs)
             Began as a Demigod Conjurer on Oct 21, 2022.
             Slain by a white ugly thing (28 damage)
             ... on level 7 of the Dungeon.
             The game lasted 00:25:45 (7324 turns).

KennySheep the Destroyer (Demigod Conjurer)         Turns: 7324, Time: 00:25:45

Health: -2/57      AC:  8    Str:  8    XL:     8   Next: 57%
Magic:  3/19       EV: 11    Int: 28    God:
Gold:   47         SH:  0    Dex: 12    Spells: 10/17 levels left

rFire   . . .      SeeInvis .    m - +1 dagger (vamp)
rCold   . . .      Faith    .    (no shield)
rNeg    . . .      Spirit   .    k - +0 leather armour
rPois   .          Reflect  .    q - +0 helmet
rElec   .          Harm     .    (no cloak)
rCorr   .          Rampage  .    (no gloves)
Will    +....                    (no boots)
Stlth   ++........               (no amulet)
HPRegen 0.29/turn                c - +4 ring of protection
MPRegen 0.16/turn                d - ring of willpower

@: no status effects
A: high MP 1, forlorn, divine attributes, mutation resistance 1
a: no special abilities


You were on level 7 of the Dungeon.
You visited 1 branch of the dungeon, and saw 7 of its levels.
You also visited: Ossuary.

You collected 319 gold pieces.
You spent 272 gold pieces at shops.

Inventory:

Hand Weapons
 m - a +1 vampiric dagger (weapon)
Armour
 a - a +0 robe
 k - a +0 leather armour (worn)
 q - a +0 helmet (worn)
 D - a +0 pair of gloves
Magical Staves
 e - a staff of fire
Jewellery
 c - a +4 ring of protection (left hand)
 d - a ring of willpower (right hand)
Wands
 j - a wand of polymorph (8)
 r - a wand of flame (30)
Scrolls
 f - 6 scrolls of teleportation
 l - 2 scrolls of enchant armour
 o - 4 scrolls of immolation
 t - a scroll of poison {unknown}
 y - a scroll of summoning {unknown}
 z - a scroll of butterflies {unknown}
 A - a scroll of identify
 E - 2 scrolls of enchant weapon
Potions
 b - 2 potions of magic
 g - 4 potions of haste
 h - a potion of berserk rage
 i - 7 potions of degeneration
 n - 3 potions of resistance
 p - 3 potions of mutation
 s - a potion of might
 u - a potion of curing {unknown}
 v - a potion of brilliance
 w - a potion of lignification
 x - a potion of experience {unknown}
 B - a potion of cancellation {unknown}
 C - a potion of heal wounds {unknown}


   Skills:
 - Level 1.7 Dodging
 - Level 1.7 Stealth
 + Level 5.0 Spellcasting
 * Level 8.3 Conjurations
 + Level 5.1 Translocations


You had 10 spell levels left.
You knew the following spells:

 Your Spells              Type           Power      Damage    Failure   Level
a - Magic Dart            Conj           100%       1d8       1%          1
b - Searing Ray           Conj           100%       2d8       1%          2
c - Iskenderun's Mystic   Conj/Tloc      44%        2d10      6%          4

Your spell library contained the following spells:

 Spells                   Type           Power      Damage    Failure   Level
 Static Discharge         Conj/Air       60%        2-5/arc   2%          2
 Dazzling Flash           Conj/Hex       60%        N/A       5%          3
 Vhi's Electric Charge    Tloc/Air       42%        N/A       11%         3
 Fulminant Prism          Conj/Hex       15%        3d11      17%         4
 Arcjolt                  Conj/Air       15%        1d25      43%         5
 Lightning Bolt           Conj/Air       15%        1d29      43%         5


Dungeon Overview and Level Annotations

Branches:
Dungeon (7/15)             Temple (0/1) D:5         Ossuary (visited)

Shops:
D:6 ?

Annotations:
D:4 1 runed translucent door, Darkkill's ghost, amateur HuHu


Innate Abilities, Weirdness & Mutations

You have an increased reservoir of magic. (+10% MP)
You shall have no god before yourself.
Your divine heritage dramatically boosts your attributes as you level up.
You are somewhat resistant to further mutation.


Message History

The white ugly thing is knocked back by the mystic blast.
The white ugly thing collides with the basilisk!
The basilisk is lightly wounded.
The mystic blast hits the troll!
The troll is severely wounded.
The mystic blast hits the boulder beetle.
The boulder beetle is moderately wounded.
The boulder beetle is knocked back by the mystic blast.
The troll bites you. The troll claws you. x2
The yak snorts and paws the ground.
An orc wizard comes into view. It is wielding a +0 dagger.
Casting: Iskenderun's Mystic Blast (dangerous; 7% risk of failure)
Confirm with . or Enter, or press ? or * to list all spells.
You erupt in a blast of force!
The mystic blast hits the white ugly thing.
The white ugly thing is moderately wounded.
The white ugly thing is knocked back by the mystic blast.
The white ugly thing slams into the stone wall!
The white ugly thing is moderately wounded.
The mystic blast hits the yak!
The yak is heavily wounded.
The mystic blast hits the boulder beetle but does no damage.
The boulder beetle is moderately wounded.
The mystic blast hits the troll!
The troll is almost dead.
The troll is knocked back by the mystic blast.
The troll collides with the boulder beetle!
You kill the troll!
The troll leather armour is intact enough to wear.
The boulder beetle curls into a ball and begins rolling!
The orc wizard mumbles some strange words.
The orc wizard flickers and vanishes!
Deactivating autopickup; reactivate with Ctrl-A.
Your Spellcasting skill increases to level 5!
Your Translocations skill increases to level 5!
You hit the yak.
You feel better.
The yak is severely wounded.
The yak barely misses you. The white ugly thing kicks you.
The white ugly thing freezes you!!
You die... ###+####. .# ......#. ..# ......+. #.# ...Y..#) # #.# ..... #) #. #.# .... #. #.{####.# Y.Y

#. #.lu#.# .. #.
#.cY@.# . #.
#..B#.#########
#.
#..####..........
.. #. #..........
.. # #..........
.#####..........
......>..........
....<............
.........#######.


You could see a boulder beetle (rolling), a white ugly thing, a yak, a basilisk
and a centaur.

Vanquished Creatures
  A troll (D:7)
  A sky beast (D:6)
  2 black bears
  A centaur (D:7)
  A phantom (D:5)
  2 bullfrogs (D:6)
  A scorpion (D:5)
  2 wights (D:7)
  6 killer bees (D:7)
  2 centaur zombies (Ossuary)
  3 hounds (D:4)
  An orc priest (D:7)
  A gnoll bouda (D:7)
  Jessica (D:2)
  An iguana (D:6)
  2 orc wizards
  4 mummies
  Robin (D:2)
  9 gnolls
  6 adders
  A white imp (D:5)
  An ufetubus (D:5)
  2 worms (D:1)
  3 dart slugs
  11 orcs
  7 ball pythons
  8 bats
  An endoplasm (D:3)
  2 giant cockroaches
  15 goblins
  6 hobgoblins
  9 kobolds
  4 quokkas
  4 frilled lizards
  A goblin zombie (Ossuary)
  2 hobgoblin zombies (Ossuary)
  A kobold zombie (Ossuary)
  2 orc zombies (Ossuary)
  7 rats
135 creatures vanquished.

Vanquished Creatures (others)
  10 plants (D:2)
10 creatures vanquished.

Grand Total: 145 creatures vanquished

Notes
Turn   | Place    | Note
-------+----------+-------------------------------------------
     0 | D:1      | KennySheep the Demigod Conjurer began the quest for the
                  | Orb.
     0 | D:1      | Reached XP level 1. HP: 14/14 MP: 5/5
   434 | D:1      | Reached XP level 2. HP: 20/20 MP: 4/7
   439 | D:1      | Learned a level 2 spell: Searing Ray
   659 | D:1      | Reached skill level 4 in Conjurations
  1013 | D:2      | Reached skill level 1 in Translocations
  1111 | D:2      | Noticed Robin
  1113 | D:2      | Reached XP level 3. HP: 26/26 MP: 6/8
  1114 | D:2      | Killed Robin
  1836 | D:2      | Reached XP level 4. HP: 33/33 MP: 5/10
  1841 | D:2      | Learned a level 4 spell: Iskenderun's Mystic Blast
  2097 | D:2      | Noticed Jessica
  2100 | D:2      | Killed Jessica
  3100 | D:4      | Found a runed translucent door.
  3104 | D:4      | Noticed Darkkill's ghost (amateur HuHu)
  3131 | D:4      | Reached skill level 5 in Conjurations
  3131 | D:4      | Reached XP level 5. HP: 31/38 MP: 3/12
  3154 | D:4      | Found a sand-covered staircase.
  3163 | Ossuary  | Entered an ossuary
  3874 | Ossuary  | Gained mutation: You are somewhat resistant to further
                  | mutation. [potion of mutation]
  4081 | D:4      | Reached XP level 6. HP: 45/45 MP: 7/13
  4183 | D:4      | Identified the +3 chain mail of the Everdark {rF+}
  4862 | D:5      | Entered Level 5 of the Dungeon
  4957 | D:5      | Found a staircase to the Ecumenical Temple.
  5370 | D:5      | Reached skill level 6 in Conjurations
  5904 | D:6      | Reached XP level 7. HP: 50/50 MP: 7/15
  6612 | D:6      | Found Hedwoogg's Magic Scroll Emporium.
  6621 | D:6      | Bought a scroll of enchant weapon for 97 gold pieces
  6621 | D:6      | Bought a scroll of enchant weapon for 97 gold pieces
  6621 | D:6      | Bought a scroll of teleportation for 39 gold pieces
  6621 | D:6      | Bought a scroll of teleportation for 39 gold pieces
  6767 | D:7      | Reached skill level 7 in Conjurations
  6831 | D:7      | Noticed a yak
  6831 | D:7      | Noticed a yak
  6831 | D:7      | Noticed a yak
  7037 | D:7      | Reached XP level 8. HP: 57/57 MP: 12/18
  7221 | D:7      | Reached skill level 8 in Conjurations
  7316 | D:7      | Noticed a troll
  7317 | D:7      | Noticed a white ugly thing
  7317 | D:7      | Noticed a boulder beetle
  7323 | D:7      | Killed a troll
  7324 | D:7      | Reached skill level 5 in Spellcasting
  7324 | D:7      | Reached skill level 5 in Translocations
  7324 | D:7      | Slain by a white ugly thing

Illustrated notes

Levels and vault maps discovered:
D:1:      dpeg_arrival_simpleton_a, layout_loops_cross, nicolae_wormholes
D:2:      layout_loops_cross, serial_bayou_pond_c, uniq_jessica, uniq_robin
D:3:      layout_loops_ring, slow_altar_1, old_standard_altar
D:4:      layout_gridville, marbit_many_paths,
          nicolae_overflow_quartered_altars, nicolae_ossuary_entry_monument,
          ebering_ghost_sewer_d
D:5:      layout_gridville, kennysheep_mini, grunt_qazlal_sundering,
          minmay_temple_entry_hall, serial_co_window_serial, co_window_cross_1,
          co_window_paths_a, co_window_paths_a, co_window_corner_a,
          co_window_of_opportunity_a, co_window_of_opportunity_c,
          co_window_corner_ca, co_window_paths_c, co_window_of_opportunity_b,
          co_window_of_opportunity_b, co_window_of_opportunity_c
D:6:      layout_loops_ring, elyvilon_altar_4, serial_shops, nicolae_shop_trees
D:7:      minmay_blocky_corners, layout_gridville, mainiacjoe_overflow_brackets,
          minmay_fountain_box, columned_hall_lemuel

Skill      XL: |  1  2  3  4  5  6  7  8 |
---------------+-------------------------+-----
Spellcasting   | 2 3 4 5 |  5.0
Conjurations   | 4 5 6 7 8 |  8.3
Translocations | 1 2 3 4 5 |  5.1
Dodging        | |  1.7
Stealth        | |  1.7

Action                   |  1- 3 |  4- 6 |  7- 9 || total
-------------------------+-------+-------+-------++-------
Melee: Unarmed           |     4 |       |       ||     4
       Dagger            |       |     6 |    15 ||    21
 Cast: Magic Dart        |    79 |   103 |    21 ||   203
       Searing Ray       |     3 |    17 |    10 ||    30
       Iskenderun's Myst |       |       |    14 ||    14
  Use: Scroll            |       |     3 |       ||     3
       Potion            |       |     1 |     5 ||     6
Armor: Robe              |    10 |       |       ||    10
       Leather armour    |       |    23 |    27 ||    50
Dodge: Dodged            |     6 |    26 |    40 ||    72

Table legend: (Time is in decaauts)
 A = Elapsed time spent in this place.
 B = Non-inter-level travel time spent in this place.
 C = Inter-level travel time spent in this place.
 D = Time resting spent in this place.
 E = Time spent auto-exploring this place.
 F = Levels seen in this place.
 G = Mean time per level.
                   A        B        C        D        E       F      G
               +--------+--------+--------+--------+--------+-----+--------+
         Total |   7323 |   7064 |    259 |   1034 |   4983 |   8 |  915.4 |
       Dungeon |   6595 |   6336 |    259 |    548 |   4967 |   7 |  942.1 |
       Ossuary |    728 |    728 |      0 |    486 |     16 |   1 |  728.0 |
               +--------+--------+--------+--------+--------+-----+--------+

Top non-repeatable levels by time:
     D:1: 1170 daAuts
     D:4: 1036 daAuts
     D:2: 1021 daAuts
     D:6: 941 daAuts
     D:5: 927 daAuts
     D:3: 907 daAuts
 Ossuary: 728 daAuts
     D:7: 590 daAuts
